 Dungeon Crawl Stone Soup version 0.31-a0-564-g3b7de120b3 (webtiles) character file.

Game seed: 6325950707970295547

282 javelincjr the Magician (level 6, -3/32 HPs)
             Began as a Deep Elf Hedge Wizard on Aug 17, 2023.
             Killed by divine providence
             ... invoked by an orc priest
              (10 damage)
             ... on level 2 of the Dungeon.
             The game lasted 00:13:34 (2996 turns).

javelincjr the Magician (Deep Elf Hedge Wizard)     Turns: 2996, Time: 00:13:34

Health: -3/32      AC:  3    Str:  7    XL:     6   Next: 6%
Magic:  6/15       EV: 13    Int: 21    God:
Gold:   102        SH:  0    Dex: 14    Spells: 10/15 levels left

rFire   . . .        j - staff of conjuration
rCold   + . .        (no shield)
rNeg    . . .        b - +0 robe
rPois   .            c - +0 hat
rElec   .            m - +0 cloak
rCorr   .            (no gloves)
SInv    .            (no boots)
Will    .....        (no amulet)
Stlth   +++          i - ring of protection from cold
HPRegen 0.25/turn    (no ring)
MPRegen 0.14/turn

%: no passive effects
@: no status effects
A: no striking features
a: no special abilities


You were on level 2 of the Dungeon.
You visited 1 branch of the dungeon, and saw 3 of its levels.

You collected 102 gold pieces.

Inventory:

Hand Weapons
 a - a +0 dagger
 n - a +2 dagger of protection
Armour
 b - a +0 robe (worn)
 c - a +0 hat (worn)
 m - a +0 cloak (worn)
Magical Staves
 j - a staff of conjuration (weapon)
Jewellery
 i - a ring of protection from cold (left hand)
Scrolls
 e - a scroll of amnesia {unknown}
 l - a scroll of torment {unknown}
 o - a scroll of vulnerability {unknown}
Potions
 d - a potion of magic
 f - a potion of ambrosia {unknown}
 g - a potion of degeneration {unknown}
 h - a potion of mutation {unknown}
 k - a potion of brilliance {unknown}


   Skills:
 + Level 1.6 Staves
 + Level 3.7 Dodging
 + Level 3.9 Stealth
 + Level 5.3 Spellcasting
 + Level 2.6 Conjurations
 + Level 2.6 Summonings
 + Level 2.7 Translocations


You had 10 spell levels left.
You knew the following spells:

 Your Spells              Type           Power      Damage    Failure   Level
a - Magic Dart            Conj           100%       1d8       3%          1
b - Call Imp              Summ           32%        N/A       5%          2
c - Blink                 Tloc           32%        N/A       5%          2

Your spell library contained the following spells:

 Spells                   Type           Power      Damage    Failure   Level
 Slow                     Hex            20%        N/A       11%         1
 Cigotuvi's Dreadful Rot  Necr/Pois/Air  10%        N/A       16%         2
 Mephitic Cloud           Conj/Pois/Air  13%        N/A       22%         3
 Confusing Touch          Hex            5%         N/A       32%         3
 Vampiric Draining        Necr           5%         2d6       32%         3


Dungeon Overview and Level Annotations

Branches:
Dungeon (3/15)

Altars:

Shops:
D:2 [


Message History

Press: ? - help, Shift-Dir - straight line, f - orc priest
Aim: an orc priest, wielding a +0 club and wearing a +0 chain mail (heavily wounded, 100% to hit)
Okay, then.
Casting: Magic Dart (safe; 3% risk of failure)
Confirm with . or Enter, or press ? or * to list all spells.
Aiming: Magic Dart (safe; 3% risk of failure)
Press: ? - help, Shift-Dir - straight line, f - orc
Aim: an orc, wielding a +0 flail and wearing a +0 leather armour (severely wounded, ally target, 100% to hit)
You feel a surge of power!
The magic dart hits the orc.
You kill the orc!
Your cerulean imp barely misses the orc priest.
Casting: Magic Dart (safe; 3% risk of failure)
Confirm with . or Enter, or press ? or * to list all spells.
Aiming: Magic Dart (safe; 3% risk of failure)
Press: ? - help, Shift-Dir - straight line, f - orc priest
Aim: an orc priest, wielding a +0 club and wearing a +0 chain mail (heavily wounded, ally target, 100% to hit)
You feel a surge of power!
The magic dart hits the orc priest but does no damage.
The orc priest is heavily wounded.
Your cerulean imp hits the orc priest but does no damage.
Casting: Magic Dart (safe; 3% risk of failure)
Confirm with . or Enter, or press ? or * to list all spells.
Aiming: Magic Dart (safe; 3% risk of failure)
Press: ? - help, Shift-Dir - straight line, f/p - orc priest
Aim: an orc priest, wielding a +0 club and wearing a +0 chain mail (heavily wounded, ally target, 100% to hit)
You feel a surge of power!
The magic dart hits the orc priest.
The orc priest is severely wounded.
The orc priest looks encouraged for a moment.
Your cerulean imp barely misses the orc priest.
Casting: Magic Dart (safe; 3% risk of failure)
Confirm with . or Enter, or press ? or * to list all spells.
Aiming: Magic Dart (safe; 3% risk of failure)
Press: ? - help, Shift-Dir - straight line, f/p - orc priest
Aim: an orc priest, wielding a +0 club and wearing a +0 chain mail (severely wounded, ally target, 100% to hit)
You feel a surge of power!
The magic dart hits the orc priest but does no damage.
The orc priest is severely wounded.
The orc priest calls down the wrath of Beogh upon you.
Beogh smites you!
You die...

#..............# #.#..(..##
##....#########.# #........###
...#..# #.# #........... ##.#..#
#.# #........##. #.#..###### #.#
#....∩...... ##.#.......####.###
####...####. ........##.##.....#
##.## #.
...#.##.##.##)....########.# #.
.#.#............@.##.......#####.
(#.#.##.##.##.....##.#####.......
......#.##.##...o.##.# #######.
..............)5..>..# #.
......#..#.###...##### #.
.#....#..........# #.
.#........####..## #. .##...##.##
#..# #. .###.###.# #..#
##########.


You could see an orc priest (ally target) and a friendly cerulean imp
(summoned).

Vanquished Creatures
  Sigmund (D:2)
  5 adders (D:2)
  2 worms (D:2)
  2 dart slugs (D:1)
  5 orcs
  4 ball pythons
  4 endoplasms (D:2)
  8 goblins
  6 hobgoblins
  3 quokkas
  3 bats
  2 frilled lizards
  2 kobolds
  4 rats
51 creatures vanquished.

Vanquished Creatures (collateral kills)
  An orc (D:3)
  2 endoplasms (D:1)
  A giant cockroach (D:1)
  A goblin (D:1)
  A hobgoblin (D:2)
  2 ball pythons (D:1)
8 creatures vanquished.

Grand Total: 59 creatures vanquished

Notes
Turn   | Place    | Note
-------+----------+-------------------------------------------
     0 | D:1      | javelincjr the Deep Elf Hedge Wizard began the quest for
                  | the Orb.
     0 | D:1      | Reached XP level 1. HP: 10/10 MP: 7/7
   225 | D:1      | Reached XP level 2. HP: 15/15 MP: 2/9
   228 | D:1      | Learned a level 2 spell: Call Imp
   231 | D:1      | Learned a level 2 spell: Blink
   983 | D:1      | Reached XP level 3. HP: 19/19 MP: 8/11
  1303 | D:2      | Noticed Sigmund
  1549 | D:2      | Found Onnyc's Antique Armour Shop.
  1779 | D:2      | Reached XP level 4. HP: 24/24 MP: 7/12
  2204 | D:2      | Killed Sigmund
  2205 | D:2      | Reached skill level 1 in Staves
  2205 | D:2      | Reached skill level 5 in Spellcasting
  2205 | D:2      | Reached XP level 5. HP: 26/28 MP: 2/14
  2377 | D:2      | Reached XP level 6. HP: 32/32 MP: 13/15
  2996 | D:2      | Killed from afar by an orc priest

Illustrated notes

Levels and vault maps discovered:
D:1:      ncdulo_smallfort, layout_loops_ring, minmay_surrounded
D:2:      layout_loops_ring, serial_shops, shop, st_stairs_14,
          minmay_quadrilaterals, uniq_sigmund
D:3:      layout_loops_ring, mainiacjoe_overflow_cross_hatched,
          mainiacjoe_overflow_24_doors, lightli_sewer_entry_pipes, serial_shops,
          nicolae_shop_tiny_waterfront

Skill      XL: |  1  2  3  4 |
---------------+-------------+-----
Stealth        | 3 |  3.9
Dodging        | 3 |  3.7
Conjurations   | 2 |  2.6
Translocations | 2 |  2.7
Summonings     | 2 |  2.6
Staves         | 1 |  1.6
Spellcasting   | 5 |  5.3

Action                     |  1- 3 |  4- 6 || total
---------------------------+-------+-------++-------
  Melee: Dagger            |     9 |       ||     9
         Staff             |       |     2 ||     2
   Cast: Magic Dart        |    87 |    63 ||   150
         Call Imp          |     8 |     6 ||    14
         Blink             |       |     1 ||     1
   Stab: Distracted        |     1 |       ||     1
 Armour: Robe              |     1 |     3 ||     4
  Dodge: Dodged            |    15 |    16 ||    31

Table legend: (Time is in decaauts)
 A = Elapsed time spent in this place.
 B = Non-inter-level travel time spent in this place.
 C = Inter-level travel time spent in this place.
 D = Time resting spent in this place.
 E = Time spent auto-exploring this place.
 F = Levels seen in this place.
 G = Mean time per level.
                   A        B        C        D        E       F      G
               +--------+--------+--------+--------+--------+-----+--------+
         Total |   2996 |   2946 |     50 |    173 |   2217 |   3 |  998.7 |
       Dungeon |   2996 |   2946 |     50 |    173 |   2217 |   3 |  998.7 |
               +--------+--------+--------+--------+--------+-----+--------+

Top non-repeatable levels by time:
     D:2: 1570 daAuts
     D:1: 1210 daAuts
     D:3: 215 daAuts
